 Dungeon Crawl Stone Soup version 0.17.0-1-g61d176b (webtiles) character file.

37377 radek the Destroyer (level 13, -5/70 HPs)
             Began as a Gargoyle Earth Elementalist on Nov 7, 2015.
             Was a High Priest of Vehumet.
             Killed by blast of rock fragments (18 damage)
             ... on level 2 of the Elven Halls.
             The game lasted 02:51:02 (25879 turns).

radek the Destroyer (Gargoyle Earth Elementalist)  Turns: 25879, Time: 02:51:06

Health: -5/70      AC: 19    Str: 13    XL:     13   Next: 96%
Magic:  13/36      EV: 13    Int: 24    God:    Vehumet [*****.]
Gold:   2321       SH:  3    Dex: 12    Spells: 3 memorised, 24 levels left

rFire  . . .     SeeInvis .     G - +0 morningstar (protect)
rCold  + . .     Clarity  +     U - +3 leather armour
rNeg   + . .     SustAt   .     E - +0 buckler
rPois  ∞         Gourm    .     D - -4 hat "Cusoty" {MP+9 Int+4}
rElec  +         Spirit   .     (no cloak)
rCorr  .         Warding  .     f - +1 pair of gloves
rMut   .         Rnd*Tele +     (no boots)
MR     .....                    O - amulet of clarity
Stlth  ++........               H - ring of protection from cold
                                Q - +2 ring of dexterity

@: drained, not resistant to hostile enchantments, unstealthy
A: blurry vision 1, breathe flames 1, frail 1, negative energy resistance 1,
electricity resistance, teleportitis 1, unbreathing, petrification resistance,
rot immunity, AC +9
a: Renounce Religion, Breathe Fire


You were on level 2 of the Elven Halls.
You worshipped Vehumet.
Vehumet was extremely pleased with you.
You were not hungry.

You visited 3 branches of the dungeon, and saw 17 of its levels.
You also visited: Sewer.

You collected 2369 gold pieces.
You spent 48 gold pieces at shops.

Inventory:

Hand Weapons
 x - the +7 Singing Sword
   (You found it on level 10 of the Dungeon)
 G - a +0 morningstar of protection (weapon)
 I - the +0 long sword of Terra Cotta {flame, Stlth+}
   (You found it on level 6 of the Dungeon)

   It has been specially enchanted to burn those struck by it, causing extra
   injury to most foes and up to half again as much damage against particularly
   susceptible opponents.
   Big, fiery blades are also staple armaments of hydra-hunters.
   It makes you more stealthy.
 L - a +1 mace of protection
Missiles
 a - 185 stones (quivered)
Armour
 b - a +1 ring mail of magic resistance
 f - a +1 pair of gloves (worn)
 u - the +3 crown of Dyrovepreva {rElec Int+2 SInv}
   (You found it on level 5 of the Dungeon)

   It affects your intelligence (+2).
   It insulates you from electricity.
   It lets you see invisible.
 D - the -4 hat "Cusoty" (worn) {MP+9 Int+4}
   (You found it on level 1 of the Elven Halls)

   It affects your intelligence (+4).
   It affects your magic capacity (+9).
 E - a +0 buckler (worn)
 K - a +2 robe of the Archmagi
 U - a +3 leather armour (worn)
Jewellery
 H - a ring of protection from cold (right hand)
 O - an amulet of clarity (around neck)
 Q - a +2 ring of dexterity (left hand)
Wands
 l - a wand of slowing (30)
 r - a wand of fire (8)
 A - a wand of frost (13)
 F - a wand of frost (19)
 S - a wand of polymorph (8)
Scrolls
 e - a scroll of teleportation
 q - 13 scrolls of identify
 s - a scroll of fear
 t - 3 scrolls of enchant weapon
 y - a scroll of enchant armour
 B - 2 scrolls of magic mapping
 J - 3 scrolls of remove curse
Potions
 j - 2 potions of might
 k - 2 potions of brilliance
 o - a potion of flight
 p - 3 potions of curing
 v - 2 potions of berserk rage
 C - 2 potions of beneficial mutation
 V - a potion of agility
 Z - a potion of ambrosia
Books
 c - a book of Geomancy

   Spells                             Type                      Level
   a - Sandblast                      Earth                        1
   b - Stoneskin                      Transmutation/Earth          2
   c - Passwall                       Transmutation/Earth          3
   d - Stone Arrow                    Conjuration/Earth            3
   e - Petrify                        Transmutation/Earth          4
   f - Lee's Rapid Deconstruction     Earth                        5
 w - a book of Summonings

   Spells                             Type                      Level
   a - Recall                         Summoning/Translocation      3
   b - Aura of Abjuration             Summoning                    5
   c - Shadow Creatures               Summoning                    5
   d - Summon Demon                   Summoning                    5
   e - Summon Forest                  Summoning/Translocation      5
   f - Summon Mana Viper              Hexes/Summoning              5
 X - a Fen Folio

   Spells                             Type                      Level
   a - Corpse Rot                     Necromancy                   2
   b - Stone Arrow                    Conjuration/Earth            3
   c - Leda's Liquefaction            Hexes/Earth                  4
   d - Summon Forest                  Summoning/Translocation      5
   e - Hydra Form                     Transmutation                6
   f - Summon Hydra                   Summoning                    7
Miscellaneous
 z - a crystal ball of energy
 M - an ornate deck of summoning
 T - a plain deck of defence
Comestibles
 d - 4 bread rations
 n - 40 fruits


   Skills:
 + Level 8.1 Fighting
 + Level 7.4 Maces & Flails
 + Level 8.1 Armour
 + Level 6.2 Dodging
 - Level 2.1 Stealth
 * Level 10.5 Spellcasting
 * Level 11.3 Conjurations
   Level 0.7 Transmutations
 + Level 10.3(10.2) Earth Magic
 + Level 6.5(6.4) Evocations


You had 24 spell levels left.
You knew the following spells:

 Your Spells              Type           Power        Failure   Level  Hunger
a - Sandblast             Erth           ######       1%          1    None
b - Lee's Rapid Deconstr  Erth           ######....   1%          5    ####...
c - Stone Arrow           Conj/Erth      ######       1%          3    None


Dungeon Overview and Level Annotations

Branches:
Dungeon (11/15)            Temple (0/1) D:6            Lair (0/8) D:11
    Orc (4/4) D:11            Elf (2/3) Orc:3

Altars:
Cheibriados
Dithmenos
Gozag
Kikubaaqudgha
Nemelex Xobeh
Ru
Vehumet
Xom
Yredelemnul
Zin

Shops:
D:4 *   D:6 *   D:8 *   D:9 [   Orc:3 (   Elf:1 (

Annotations:
Orc:1 exclusion: lindwurm
Orc:3 Nessos
Orc:4 Saint Roka


Innate Abilities, Weirdness & Mutations

You are resistant to torment.
Your stone body is resilient (AC +9).
You are immune to poison.
You resist negative energy.
You are resistant to electric shocks.
You can survive without breathing.
You are immune to petrification.
You are immune to rotting.
Scrolls take you a little longer to read.
You can breathe flames.
You are frail (-10% HP).
You are occasionally teleported to nearby monsters.


Message History

Your clarity would prevent the potion's effects.
Casting: Lee's Rapid Deconstruction
Confirm with . or Enter, or press ? or * to list all spells.
Aiming: Lee's Rapid Deconstruction
Press: ? - help, Dir - move target cursor That beam is likely to hit you.
Continue anyway?
The wall shatters!
The blast of rock fragments hits the demonic crawler.
The demonic crawler is moderately wounded.
The blast of rock fragments hits the jumping spider.
You kill the jumping spider!
The jumping spider's corpse disappears in a puff of smoke!
The blast of rock fragments hits the deep elf mage.
You kill the deep elf mage!
Vehumet accepts your kill.
You feel your power returning.
The blast of rock fragments hits the deep elf conjurer.
The deep elf conjurer is lightly wounded.
The blast of rock fragments hits you!
You die...

##..$.P....##
##....P.P....##
#....P...P....#
#....PeP...(#
#.....>§..#
#....)..#
#.§)s.# #.ser##
##@## ###


You could see 2 demonic crawlers, a deep elf summoner, a deep elf conjurer and a
hell rat.

Vanquished Creatures
  2 deep elf demonologists (Elf:1)
  2 deep elf high priests (Elf:1)
  Josephine (Orc:2)
  Fannar (Orc:2)
  An orc high priest (Elf:1)
  Urug (Orc:1)
  A large abomination (Elf:1)
  A small abomination (Elf:1)
  6 deep elf knights
  2 deep elf summoners
  An unseen horror (D:11)
  7 deep elf conjurers
  A hill giant (D:10)
  3 orc sorcerers
  An ugly thing (D:8)
  2 gargoyles (D:11)
  A tengu conjurer (D:10)
  6 deep elf priests (Elf:1)
  A troll (D:11)
  3 two-headed ogres
  The ghost of inmateoo the Ruffian, an amateur FoMo (D:5)
  Prince Ribbit (D:8)
  2 shadows (D:11)
  Sigmund (D:6)
  11 yaks
  A water elemental (D:11)
  3 wraiths (Orc:2)
  13 deep elf magi
  Eustachio (D:6)
  2 hippogriffs
  14 deep elf fighters
  A hungry ghost (D:10)
  3 wolves (D:11)
  Menkaure (D:6)
  2 wargs (Orc:1)
  A water moccasin (D:10)
  A soldier ant (D:11)
  An ice beast (D:10)
  4 sky beasts
  2 phantoms
  19 orc warriors
  A black bear (shapeshifter) (Elf:1)
  5 centaurs
  11 ogres
  3 black bears
  A gnoll sergeant (D:11)
  14 giant frogs
  4 big kobolds
  8 killer bees
  4 scorpions
  3 wights (D:9)
  2 electric eels (D:11)
  A centaur zombie (D:10)
  5 crimson imps
  2 giant frog zombies (D:7)
  2 iguanas
  A giant frog skeleton (D:10)
  7 hounds
  16 orc priests
  4 jellies
  Jessica (D:2)
  29 orc wizards
  4 worker ants
  2 killer bee zombies
  A hound skeleton (D:11)
  2 worker ant zombies
  16 adders
  7 gnolls
  A river rat (D:3)
  2 shadow imps
  2 oozes
  An adder skeleton (D:4)
  4 worms
  5 giant geckos
  149 orcs
  3 ball pythons
  5 giant cockroaches
  6 goblins
  5 hobgoblins
  2 jackals (D:4)
  36 kobolds
  8 quokkas
  13 bats
  A giant gecko skeleton (D:4)
  9 giant newts
  2 jackal zombies
  A quokka skeleton (D:5)
  17 rats
  6 crawling corpses (Elf:1)
563 creatures vanquished.

Vanquished Creatures (collateral kills)
  2 orcs (Orc:1)
2 creatures vanquished.

Vanquished Creatures (others)
  A deep elf knight (Elf:2)
  2 fungi
3 creatures vanquished.

Grand Total: 568 creatures vanquished

Notes
Turn   | Place    | Note
--------------------------------------------------------------
     0 | D:1      | radek the Gargoyle Earth Elementalist began the quest for the Orb.
     0 | D:1      | Reached XP level 1. HP: 10/10 MP: 3/3
   167 | D:1      | Reached XP level 2. HP: 4/15 MP: 0/5
   170 | D:1      | Reached skill level 4 in Earth Magic
   793 | D:1      | Noticed a giant frog
   815 | D:1      | Killed a giant frog
   815 | D:1      | Reached XP level 3. HP: 19/19 MP: 4/8
   815 | D:1      | Reached XP level 4. HP: 24/24 MP: 4/9
  1277 | D:2      | Noticed Jessica
  1292 | D:2      | Killed Jessica
  1292 | D:2      | Reached XP level 5. HP: 28/28 MP: 8/10
  1365 | D:2      | Reached skill level 5 in Earth Magic
  1430 | D:2      | Learned a level 5 spell: Lee's Rapid Deconstruction
  1434 | D:2      | Learned a level 3 spell: Stone Arrow
  1772 | D:2      | Found an ancient bone altar of Kikubaaqudgha.
  2080 | D:3      | Found a glowing drain.
  2115 | D:3      | Reached skill level 1 in Conjurations
  2168 | Sewer    | Entered a sewer
  2720 | Sewer    | Reached XP level 6. HP: 30/32 MP: 5/12
  3462 | D:3      | Reached skill level 5 in Spellcasting
  3520 | D:3      | Noticed an ogre
  3527 | D:3      | Killed an ogre
  3527 | D:3      | Reached XP level 7. HP: 13/37 MP: 7/14
  3731 | D:3      | Found a snail-covered altar of Cheibriados.
  4043 | D:4      | Found a sacrificial altar of Ru.
  4068 | D:4      | Found a shimmering altar of Xom.
  4144 | D:4      | Found Fuarap's Assorted Antiques.
  4323 | D:4      | Reached skill level 1 in Maces & Flails
  4560 | D:4      | Reached skill level 1 in Fighting
  4756 | D:4      | Reached skill level 1 in Armour
  4767 | D:4      | Reached skill level 6 in Earth Magic
  4894 | D:5      | Entered Level 5 of the Dungeon
  5146 | D:5      | Reached skill level 1 in Evocations
  5351 | D:5      | Found a shadowy altar of Dithmenos.
  5378 | D:5      | Noticed inmateoo's ghost (amateur FoMo)
  5663 | D:5      | HP: 1/39 [inmateoo's ghost (10)]
  5969 | D:5      | Killed inmateoo's ghost
  5969 | D:5      | Reached XP level 8. HP: 15/44 MP: 1/16
  7116 | D:6      | Noticed Eustachio
  7141 | D:6      | Found a radiant altar of Vehumet.
  7230 | D:6      | Became a worshipper of Vehumet
  7232 | D:6      | Got a bloodstained long sword
  7233 | D:6      | Identified the cursed +0 long sword of Terra Cotta {flame, Stlth+} (You found it on level 6 of the Dungeon)
  7244 | D:6      | Noticed Sigmund
  7362 | D:6      | Found a staircase to the Ecumenical Temple.
  7543 | D:6      | Found an opulent altar of Gozag.
  7545 | D:6      | Found Gozag's Platinum Reserve.
  7596 | D:6      | Noticed Menkaure
  7616 | D:6      | Killed Menkaure
  7616 | D:6      | Reached XP level 9. HP: 39/49 MP: 5/18
  8016 | D:6      | Killed Sigmund
  8235 | D:6      | Killed Eustachio
  8611 | D:7      | Reached skill level 5 in Conjurations
  8877 | D:7      | Reached skill level 7 in Earth Magic
  9201 | D:7      | Reached * piety under Vehumet
  9201 | D:7      | Offered knowledge of Shock by Vehumet.
  9912 | D:8      | Found a sparkling altar of Nemelex Xobeh.
  9938 | D:8      | Reached XP level 10. HP: 53/56 MP: 8/20
 10111 | D:8      | Found Qoanuet's General Store.
 10117 | D:8      | Bought a potion of agility for 48 gold pieces
 10166 | D:8      | Noticed Prince Ribbit
 10172 | D:8      | Killed Prince Ribbit
 10205 | D:8      | Noticed a red ugly thing
 10329 | D:8      | Killed a red ugly thing
 10473 | D:8      | Found a basalt altar of Yredelemnul.
 11214 | D:9      | Found Gyaruad's Antique Armour Shoppe.
 11505 | D:9      | Offered knowledge of Throw Flame by Vehumet.
 11695 | D:9      | Reached ** piety under Vehumet
 11872 | D:9      | Reached skill level 5 in Armour
 12214 | D:10     | Entered Level 10 of the Dungeon
 12375 | D:10     | Reached skill level 5 in Fighting
 12844 | D:10     | Reached XP level 11. HP: 63/63 MP: 16/22
 12847 | D:10     | Reached skill level 8 in Earth Magic
 13720 | D:11     | Offered knowledge of Searing Ray by Vehumet.
 13726 | D:11     | Noticed a hill giant
 13854 | D:10     | Killed a hill giant
 14077 | D:11     | Reached skill level 5 in Maces & Flails
 14251 | D:11     | Found a staircase to the Lair.
 14319 | D:11     | Noticed an unseen horror
 14321 | D:11     | Killed an unseen horror
 14327 | D:11     | Reached *** piety under Vehumet
 14705 | D:11     | Found a glowing silver altar of Zin.
 15112 | D:11     | Found a staircase to the Orcish Mines.
 15208 | D:11     | Offered knowledge of Dazzling Spray by Vehumet.
 15809 | Orc:1    | Entered Level 1 of the Orcish Mines
 15963 | Orc:1    | Noticed Urug
 15967 | Orc:1    | Killed Urug
 16836 | Orc:1    | Reached **** piety under Vehumet
 16840 | Orc:1    | Reached XP level 12. HP: 66/70 MP: 12/24
 16998 | Orc:1    | Noticed a lindwurm
 17511 | Orc:2    | Noticed Fannar
 17513 | Orc:2    | Offered knowledge of Bolt of Magma by Vehumet.
 17759 | Orc:2    | Noticed Josephine
 17886 | Orc:2    | Killed Fannar
 17886 | Orc:2    | Reached skill level 5 in Dodging
 17886 | Orc:2    | Reached skill level 9 in Spellcasting
 18070 | Orc:2    | Killed Josephine
 18070 | Orc:2    | Reached skill level 5 in Evocations
 18915 | Orc:3    | Found Neushaz's Antique Weapon Emporium.
 19173 | Orc:2    | Reached ***** piety under Vehumet
 19547 | Orc:3    | Found a staircase to the Elven Halls.
 19599 | Orc:3    | Offered knowledge of Airstrike by Vehumet.
 19697 | Orc:4    | Entered Level 4 of the Orcish Mines
 19697 | Orc:4    | Noticed Saint Roka
 20318 | Orc:3    | Noticed Nessos
 21334 | Orc:4    | HP: 2/71 [two-headed ogre/giant club (12)]
 21961 | Elf:1    | Entered Level 1 of the Elven Halls
 22271 | Elf:1    | Got a scorched hat
 22282 | Elf:1    | Identified the -4 hat "Cusoty" {MP+9 Int+4} (You found it on level 1 of the Elven Halls)
 22795 | Elf:1    | Reached skill level 10 in Conjurations
 23218 | Elf:1    | Found Hawuf's Antique Weapon Emporium.
 23276 | Elf:1    | Reached XP level 13. HP: 76/76 MP: 26/26
 23282 | Elf:1    | Noticed a deep elf high priest
 23286 | Elf:1    | Noticed a deep elf demonologist
 23286 | Elf:1    | Noticed a deep elf high priest
 23293 | Elf:1    | Killed a deep elf high priest
 23293 | Elf:1    | Killed a deep elf demonologist
 23295 | Elf:1    | Noticed a fire dragon
 23295 | Elf:1    | Noticed a fire dragon
 23296 | Elf:1    | Noticed an ice dragon
 23298 | Elf:1    | Noticed an ice dragon
 23833 | Elf:1    | Reached skill level 10 in Spellcasting
 24697 | Elf:1    | Offered knowledge of Ozocubu's Refrigeration by Vehumet.
 24700 | Elf:1    | Killed a deep elf high priest
 24700 | Elf:1    | Reached skill level 11 in Conjurations
 25293 | Elf:1    | Noticed a deep elf demonologist
 25302 | Elf:1    | Killed a deep elf demonologist
 25302 | Elf:1    | Reached skill level 10 in Earth Magic
 25371 | Elf:1    | Gained mutation: You can breathe flames. [potion of beneficial mutation]
 25477 | Elf:1    | Gained mutation: You are frail (-10% HP). [potion of mutation]
 25477 | Elf:1    | Gained mutation: You are occasionally teleported to nearby monsters. [potion of mutation]
 25477 | Elf:1    | Gained mutation: Scrolls take you a little longer to read. [potion of mutation]
 25879 | Elf:2    | Killed by blast of rock fragments

Action                   |  1- 3 |  4- 6 |  7- 9 | 10-12 | 13-15 || total
-------------------------+-------+-------+-------+-------+-------++-------
Melee: Club              |     7 |       |       |       |       ||     7
       Unarmed           |     3 |       |       |       |       ||     3
       Dagger            |       |    19 |     1 |       |       ||    20
       Whip              |       |       |    28 |     8 |       ||    36
       Long sword        |       |       |     2 |       |       ||     2
       Mace              |       |       |       |    56 |       ||    56
       Double sword      |       |       |       |    10 |       ||    10
       Morningstar       |       |       |       |    11 |     5 ||    16
 Cast: Sandblast         |    29 |   156 |   202 |   360 |    10 ||   757
       Stone Arrow       |       |     1 |    15 |   256 |    97 ||   369
       Lee's Rapid Decon |       |       |    10 |    79 |    37 ||   126
Evoke: Crystal ball of e |       |       |       |       |     1 ||     1
  Use: Scroll            |       |     4 |     6 |    10 |     5 ||    25
       Potion            |       |       |     1 |     3 |    15 ||    19
 Stab: Sleeping          |       |       |       |     1 |       ||     1
  Eat: Chunk             |       |     8 |    14 |    30 |     4 ||    56
       Bread ration      |       |       |     1 |     5 |     2 ||     8
       Meat ration       |       |       |     1 |       |       ||     1
       Pizza             |       |       |       |     4 |       ||     4
       Beef jerky        |       |       |       |     1 |       ||     1
       Royal jelly       |       |       |       |       |     1 ||     1
       Fruit             |       |       |       |       |     1 ||     1
